Cogmind - Beta 16 --- EXPLORER MODE // 2026.01.16 @ 10:30:41 Player: K.K.Y. Result: Destroyed by Y-45 Defender with Beam Rifle Performance ------------- Evolutions (0) 0 Regions Visited (4) 800 Robots Destroyed (46) 230 Value Destroyed (1000) 1000 Prototype IDs (14) 280 Alien Tech Used (0) 0 Bonus (-76) -76 TOTAL SCORE: 2234 Bonus ------- Follower Combat Kills 88 Friendly Fire -164 Cogmind --------- Core Integrity 0/250 Matter 294/300 Energy 180/180 System Corruption 0% Temperature Cool (33) Movement Treading (340) Ox2 Location -9/Recycling Parts ------- > --- POWER (1) -------- Meta Core > --- PROPULSION (3) --- Improved Treads Spiked Treads Flight Unit > --- UTILITY (2+1) ---- Huge Storage Unit Structural Scanner Machine Analyzer (+) > --- WEAPON (2) ------- Beam Rifle Heavy Assault Rifle > --- INVENTORY (25) --- Flight Unit Flight Unit Flight Unit Cooling System Light Humpback Makeshift Light Armor Plating Makeshift Light Armor Plating Makeshift System Restoration Module Multitool SUBCON Basin (Full) Peak State ------------ > --- POWER ------------ Meta Core > --- PROPULSION ------- Spiked Treads Spiked Treads Flight Unit > --- UTILITY ---------- Huge Storage Unit Structural Scanner Machine Analyzer > --- WEAPON ----------- Beam Rifle Heavy Assault Rifle > --- INVENTORY -------- Makeshift Power Source Flight Unit Cooling System Light Humpback Makeshift Light Armor Plating Makeshift Light Armor Plating Makeshift System Restoration Module EM Shotgun Multitool SUBCON Basin [Rating: 47] Favorites ----------- Power Meta Core Engine Ion Engine Power Core Meta Core Propulsion Flight Unit Treads Light Treads Flight Unit Flight Unit Utility Cooling System Device Cooling System Storage Huge Storage Unit Processor Machine Analyzer Protection Light Armor Plating Weapon EM Shotgun Energy Gun EM Shotgun Ballistic Gun Heavy Assault Rifle Special Weapon Mining Laser Build | -11 -10 -10 -10 -9 ------- Run | Yrd Mat Min Sub Rec Slots Evolved 1 | . 1 . . . Power . | . . . . . Propulsion 1 | . 1 . . . Utility . | . . . . . Weapon . | . . . . . Parts Attached 38 | 6 11 6 14 1 Power 4 | 1 1 1 1 . Engine 2 | 1 . 1 . . Core 2 | . 1 . 1 . Reactor . | . . . . . Propulsion 17 | 2 2 4 8 1 Treads 5 | 2 . . 2 1 Leg . | . . . . . Wheel . | . . . . . Hover . | . . . . . Flight 12 | . 2 4 6 . Utility 7 | 2 3 1 1 . Device 3 | . 2 1 . . Storage 1 | . 1 . . . Processor 1 | . . . 1 . Hackware . | . . . . . Protection 2 | 2 . . . . Artifact . | . . . . . Weapon 10 | 1 5 . 4 . Energy Gun 8 | 1 4 . 3 . Energy Cannon . | . . . . . Ballistic Gun 1 | . . . 1 . Ballistic Cannon . | . . . . . Launcher . | . . . . . Special Weapon 1 | . 1 . . . Impact Weapon . | . . . . . Slashing Weapon . | . . . . . Piercing Weapon . | . . . . . Special Melee Weapon . | . . . . . Unidentified Prototypes . | . . . . . Parts Lost 8 | . . . 8 . Power . | . . . . . Propulsion 4 | . . . 4 . Utility . | . . . . . Weapon 4 | . . . 4 . Highest Loss Streak 3 | . . . 3 . To Critical Strikes . | . . . . . Average Backups 5 | 2 4 5 6 9 Power . | . . . . . Propulsion . | . . . . 3 Utility 3 | 1 3 2 3 5 Weapon 1 | . 1 3 1 . Tool/Special . | . . . . . Unused Backups 10 | . 3 . 2 5 Power 1 | . . . 1 . Propulsion . | . . . . . Utility 8 | . 3 . 1 4 Weapon . | . . . . . Tool/Special 1 | . . . . 1 Average Slot Usage (%) 87 | . 69 99 88 100 Engine 2 | . 8 5 . . Core 8 | . 3 6 9 11 Treads 2 | . 5 . 1 22 Flight 28 | . 19 36 29 11 Device 14 | . 2 25 14 11 Storage 3 | . . . 6 11 Processor 2 | . . . 3 11 Protection 1 | . 6 . . . Energy Gun 17 | . 22 25 13 11 Ballistic Gun 4 | . . . 6 11 Special Weapon 1 | . . . 2 . Peak Build Rating 47 | 6 13 16 47 47 Average Rating 22 | 5 7 14 30 47 On Entrance 16 | . 6 13 15 47 Avg Prop Armor Cover (%) 3 | . . . 3 2 Naked Turns . | . . . . . Heaviest Build 93 | 13 17 19 93 93 Greatest Support 43 | 40 40 12 40 43 Greatest Overweight (x) 7 | . 4 1 7 2 Average Overweight (x) 1 | . . 1 2 2 Largest Inventory Capacity 25 | 5 25 5 25 25 Average Capacity 11 | 5 5 5 16 25 Most Carried 25 | 5 5 5 25 25 Average Carried 9 | 2 4 5 12 25 Final Capacity 25 | 5 5 5 25 25 Final Carried 25 | 4 5 5 25 25 Class Distribution -------------------- 49% | Hacker-Mutant 37% | Scavenger-Mutant 10% | Hacker-Skirmisher Dominant Class ---------------- Hacker-Mutant | -10/Materials Hacker-Mutant | -10/Mines Scavenger-Mutant | -10/Subcaves Scavenger-Mutant | -9/Recycling Resources | -11 -10 -10 -10 -9 ----------- Run | Yrd Mat Min Sub Rec Matter Collected 882 | 260 255 70 257 40 Remotely . | . . . . . Salvage Created 1700 | 229 552 312 607 . Parts 100 | 19 24 21 36 . Haulers Intercepted 2 | . 2 . . . Recyclers Shooed 2 | 1 1 . . . Parts Field Recycled . | . . . . . Retrieved Matter . | . . . . . Parts Self-Destructed . | . . . . . Prevented . | . . . . . Parts Restored . | . . . . . Kills | -11 -10 -10 -10 -9 ------- Run | Yrd Mat Min Sub Rec Combat Hostiles Destroyed 24 | . 7 2 15 . Guns 21 | . 6 2 13 . AOE 2 | . . . 2 . Classes Destroyed 12 | 3 4 2 3 . Worker 2 | 2 . . . . Builder 3 | . . 3 . . Tunneler 5 | 5 . . . . Hauler 2 | . 2 . . . Recycler 4 | 1 2 1 . . Turret 2 | . . . 2 . Watcher 3 | . 3 . . . Swarmer 5 | . 1 . 4 . Grunt 7 | . 6 1 . . Sentry 1 | . . 1 . . Artisan 1 | . . . 1 . Subdweller 11 | . . . 11 . Thug 1 | . . 1 . . Best Kill Streak 5 | 3 5 1 4 . Combat Bots Only 4 | . 2 1 4 . Max Kills in Single Turn 2 | 1 1 1 2 . Gunslinging . | . . . . . Exploded 2 | . . . 2 . Melee . | . . . . . Uniques/NPCs Destroyed . | . . . . . Combat | -11 -10 -10 -10 -9 -------- Run | Yrd Mat Min Sub Rec Hostile Shots Fired 216 | . 67 11 135 3 Missed 81 | . 19 4 57 1 Hits 135 | . 48 7 78 2 Projectile 135 | . 48 7 78 2 Critical Strikes 1 | . . . 1 . Damage Taken 1098 | . 290 65 723 20 Core 254 | . 36 9 200 9 Absorbed by Shields . | . . . . . Ignored by Resistances 670 | . 199 40 419 12 Core Remaining (%) 100 | 100 . . . . Volleys Fired 143 | 20 50 12 59 2 Largest 3 | 1 2 2 3 2 Hottest 150 | 50 150 90 145 79 Shots Fired 237 | 20 75 24 114 4 Gun 214 | 20 72 24 94 4 Cannon . | . . . . . Launcher . | . . . . . Special 23 | . 3 . 20 . Kinetic 27 | . . . 25 2 Thermal 134 | 20 75 . 37 2 Explosive . | . . . . . Electromagnetic 76 | . . 24 52 . Robot Hit Streak 30 | 11 21 19 30 9 Robot Miss Streak 2 | 1 2 1 2 . Penetration Max . | . . . . . Secondary Targets 2 | . 1 . 1 . Max Gunslinging Chain 1 | . 1 . 1 . Shots Hit Robots 167 | 19 59 17 68 4 Core Hits 80 | 9 20 15 35 1 Critical Kills . | . . . . . Critical Parts Destroyed . | . . . . . Critical Strikes 8 | 3 4 . 1 . Burn 8 | 3 4 . 1 . Melee Attacks . | . . . . . Impact . | . . . . . Slashing . | . . . . . Piercing . | . . . . . Sneak Attacks . | . . . . . Combat Hostiles . | . . . . . Follow-up Attacks . | . . . . . Damage Inflicted 2605 | 241 855 311 1144 54 Guns 2347 | 241 831 290 931 54 Cannons . | . . . . . Explosions 162 | . . 21 141 . Melee . | . . . . . Ramming . | . . . . . Kinetic 192 | . . . 167 25 Thermal 1534 | 241 855 21 388 29 Explosive . | . . . . . Electromagnetic 879 | . . 290 589 . Impact . | . . . . . Slashing . | . . . . . Piercing . | . . . . . Highest Corruption . | . . . . . Average Corruption . | . . . . . Corruption Purged . | . . . . . Corruption Blocked . | . . . . . Overload Shots . | . . . . . Overflow Damage . | . . . . . Projectiles . | . . . . . Explosions . | . . . . . Melee . | . . . . . Knockbacks . | . . . . . Impact . | . . . . . Kinetic . | . . . . . Secondary . | . . . . . Self-Inflicted Damage 33 | . . . 33 . Shots 1 | . . . 1 . Rammed . | . . . . . Targets Rammed . | . . . . . Kicked . | . . . . . Crushed . | . . . . . Highest Temperature 508 | 132 508 . 120 24 Average Temperature 147 | 45 173 . 62 15 Received Heat Transfer 638 | . 165 45 419 9 Effects 11 | . 11 . . . Shutdowns 2 | . 2 . . . Energy Bleed 2 | . 2 . . . Interference 1 | . 1 . . . Matter Decay 1 | . 1 . . . Damage (minor) 4 | . 4 . . . Damage (major) 1 | . 1 . . . Siege Activations . | . . . . . Martial Activations . | . . . . . Shielding Activations . | . . . . . Robots Disrupted 1 | . . 1 . . Combat Hostiles . | . . . . . Robots Corrupted . | . . . . . Combat Hostiles . | . . . . . Parts Fried 7 | . . 2 5 . Impact Corruptions . | . . . . . Robots Melted 2 | . 2 . . . Combat Hostiles 1 | . 1 . . . Parts Melted 6 | 1 3 1 1 . Heat Transferred 4309 | 925 2492 50 768 74 Parts Sabotaged . | . . . . . Parts Stolen . | . . . . . Parts Stripped . | . . . . . Power Chain Reactions 2 | . . 1 1 . Alert | -11 -10 -10 -10 -9 ------- Run | Yrd Mat Min Sub Rec Maximum Alert Level . | . . . . . Low Security (%) 100 | 100 100 100 . 100 Level 1 . | . . . . . Level 2 . | . . . . . Level 3 . | . . . . . Level 4 . | . . . . . Level 5 . | . . . . . High Security . | . . . . . Max Security . | . . . . . Peak Influence 75 | 15 75 36 . . Initial . | . . . . . Average 3 | 2 7 1 . . Influence Increases 562 | 40 228 114 180 . Destroy 0b10 Robot/C 340 | . 140 80 120 . Destroy 0b10 Robot/NC 95 | 40 35 20 . . Destroy Leader 50 | . 40 10 . . Allied During Kill 2 | . . 2 . . Successful Hack 11 | . 11 . . . Destroy Structure 4 | . 2 2 . . Lose Combat Pursuer 60 | . . . 60 . Influence Decreases 562 | 40 228 114 180 . Time Decay 546 | 40 228 108 170 . Lost Part 10 | . . . 10 . Lost Ally 6 | . . 6 . . Squads Dispatched 1 | . 1 . . . Investigation 1 | . 1 . . . Extermination . | . . . . . Reinforcement . | . . . . . Assault . | . . . . . Garrison . | . . . . . Intercept . | . . . . . Searches Triggered . | . . . . . Construction Impeded . | . . . . . Haulers Reinforced . | . . . . . Active Scanning Responses . | . . . . . Cargo Convoy Interrupts . | . . . . . Stealth | -11 -10 -10 -10 -9 --------- Run | Yrd Mat Min Sub Rec Distress Signals 1 | . 1 . . . Communications Jammed . | . . . . . Distress Signals . | . . . . . Times Spotted 41 | . 19 4 17 1 Peak Tracking Total 6 | . 6 2 6 1 Tactical Retreats 2 | . . . 2 . Traps | -11 -10 -10 -10 -9 ------- Run | Yrd Mat Min Sub Rec Traps Triggered 4 | . 3 . 1 . Indirectly . | . . . . . Trap Hack Attempts . | . . . . . Triggered . | . . . . . Disarmed 9 | . 9 . . . Reprogrammed . | . . . . . Reused . | . . . . . Traps Extracted . | . . . . . Installed . | . . . . . Triggered . | . . . . . Machines | -11 -10 -10 -10 -9 ---------- Run | Yrd Mat Min Sub Rec Machines Disabled 5 | . . 1 4 . Max in Single Turn 1 | . . 1 1 . Machines Repaired . | . . . . . Machines Dismantled . | . . . . . Machines Sabotaged . | . . . . . Overloaded Fab Kills . | . . . . . Hacking | -11 -10 -10 -10 -9 --------- Run | Yrd Mat Min Sub Rec Machines Accessed 13 | . 9 . 3 1 Terminals 7 | . 7 . . . Fabricators . | . . . . . Repair Stations . | . . . . . Recycling Units 3 | . 2 . . 1 Scanalyzers . | . . . . . Garrison Access . | . . . . . Total Hacks 29 | . 23 . 4 2 Successful 23 | . 17 . 4 2 Failed 6 | . 6 . . . Catastrophic . | . . . . . Database Lockouts . | . . . . . Manual 12 | . 11 . . 1 Terminals 20 | . 20 . . . Fabricators . | . . . . . Repair Stations . | . . . . . Recycling Units 5 | . 3 . . 2 Scanalyzers . | . . . . . Garrison Access . | . . . . . Terminal Hacks 13 | . 9 . 4 . Record 2 | . 1 . 1 . Part Schematic 1 | . 1 . . . Robot Analysis 1 | . 1 . . . Prototype ID Bank 1 | . 1 . . . Open Door 1 | . . . 1 . Locate Traps 1 | . 1 . . . Disarm Traps 2 | . 2 . . . Hauler Manifests 2 | . 2 . . . Proto ID Catalog 1 | . . . 1 . Release Object 1 | . . . 1 . Fabricator Hacks . | . . . . . Repair Station Hacks . | . . . . . Recycling Unit Hacks 3 | . 2 . . 1 Retrieve Components 3 | . 2 . . 1 Scanalyzer . | . . . . . Garrison Access Hacks . | . . . . . Unauthorized Hacks 7 | . 6 . . 1 Terminals 5 | . 5 . . . Botnet 5 | . 5 . . . Fabricators . | . . . . . Repair Stations . | . . . . . Recycling Units 2 | . 1 . . 1 Reject 2 | . 1 . . 1 Scanalyzers . | . . . . . Garrison Access . | . . . . . Data Cores Recovered . | . . . . . Used . | . . . . . Hacking Detections 7 | . 7 . . . Full Trace Events 2 | . 2 . . . Feedback Events . | . . . . . Feedback Blocked . | . . . . . Robot Schematics Acquired . | . . . . . Robots Built . | . . . . . Authchips . | . . . . . Time . | . . . . . Total Robot Build Rating . | . . . . . Part Schematics Acquired 1 | . 1 . . . Parts Built . | . . . . . Authchips . | . . . . . Time . | . . . . . Total Part Build Rating . | . . . . . Part Studies Acquired . | . . . . . Parts Repaired . | . . . . . Time . | . . . . . Parts Recycled . | . . . . . Recycled Matter . | . . . . . Retrieved Matter . | . . . . . Retrieved Components 12 | . 12 . . . Parts Scanalyzed . | . . . . . Part Schematics Acquired . | . . . . . Parts Damaged . | . . . . . Bothacking | -11 -10 -10 -10 -9 ------------ Run | Yrd Mat Min Sub Rec Used RIF Installer . | . . . . . Robots Hacked . | . . . . . Non-combat . | . . . . . Combat . | . . . . . Robot Hacks Applied . | . . . . . Relay Couplers Released . | . . . . . Fabnet Peak Effective % . | . . . . . Robots Rewired . | . . . . . Allies Hacked . | . . . . . Hacks Repelled . | . . . . . Allies | -11 -10 -10 -10 -9 -------- Run | Yrd Mat Min Sub Rec Total Allies 3 | . . 3 . . Largest Group 3 | . . 3 2 . Highest-Rated Group 40 | . . 40 32 . Highest-Rated Ally 16 | . . 16 16 . Total Orders . | . . . . . Ally Attacks 27 | . . 17 10 . Total Damage 313 | . . 206 107 . Kills 3 | . . 2 1 . Allies Corrupted . | . . . . . Allies Melted . | . . . . . Intel | -11 -10 -10 -10 -9 ------- Run | Yrd Mat Min Sub Rec Active Infowar (turns) 4162 | . . 194 3883 85 Structural 4162 | . . 194 3883 85 Machine Analysis 1341 | . . . 1256 85 Robot Analysis Total 1 | . 1 . . . Derelict Logs Recovered 1 | . . . 1 . Drone Launches . | . . . . . Drone Recoveries . | . . . . . Exploration | -11 -10 -10 -10 -9 ------------- Run | Yrd Mat Min Sub Rec Turns Passed 6752 | 218 1155 1404 3890 85 Spaces Moved 3328 | 110 752 1134 1309 23 Core 14 | 14 . . . . Treads 506 | 96 99 . 288 23 Legs . | . . . . . Wheels . | . . . . . Hover . | . . . . . Flight 2808 | . 653 1134 1021 . Fastest Speed 31 | 50 37 114 31 340 Average Speed 165 | 146 126 114 231 343 Slowest Speed 594 | 160 360 117 594 360 Overloaded Moves . | . . . . . Propulsion Burnouts . | . . . . . Robots Hopped . | . . . . . Potential Cave-ins . | . . . . . Cave-ins Triggered . | . . . . . Exploration Rate (%) 56 | 8 96 99 74 6 Regions Visited 4 Branch Regions 3 Pre-discovered Areas 2 | . . 1 1 . Known Exits Taken 4 | 1 1 1 1 . Unknown Exits Taken . | . . . . . Scrap Searched 3 | . . . 3 . Spaces Dug 2 | . 2 . . . Terrain Destroyed 7 | . 2 2 3 . Melee . | . . . . . Projectile 2 | . 2 . . . AOE 5 | . . 2 3 . Terrain Rammed . | . . . . . Walls Destroyed . | . . . . . Machines Disabled . | . . . . . Actions | -11 -10 -10 -10 -9 --------- Run | Yrd Mat Min Sub Rec Total 4283 | 147 875 1220 2014 27 Wait 705 | 3 38 63 601 . Move 3324 | 109 751 1133 1308 23 Hop . | . . . . . Pick Up 30 | 9 6 . 15 . Fast Attach 19 | 1 11 2 5 . Attach 12 | 5 2 . 5 . Detach 1 | . 1 . . . Swap 24 | . 5 5 13 1 Drop 25 | . 11 5 8 1 Fire 143 | 20 50 12 59 2 Melee . | . . . . . Ram . | . . . . . Kick . | . . . . . Crush . | . . . . . Escape Stasis . | . . . . . Rewire . | . . . . . Trap . | . . . . . Miscellaneous . | . . . . . Route ------- -11/Scrapyard -10/Materials (discovered 4 exits: *Mat x3 / *Min) -10/Mines (discovered 4 exits: *Mat x2 / *Exi / *Sub) -10/Subcaves (discovered 3 exits: *Mat x2 / *Rec) -9/Recycling History --------- Turn | Location | Event 6 | -11/Scrapyard | Identified exit to Materials 6 | -11/Scrapyard | Discovered exit to Materials (range 15) 219 | -11/Scrapyard | Entered Materials 219 | -10/Materials | Evolved 1 slot: Propulsion x1 319 | -10/Materials | Build established: Hacker-Mutant 425 | -10/Materials | Identified exit to Mines 425 | -10/Materials | Discovered exit to Mines (range 13) 662 | -10/Materials | Identified exit to Materials 662 | -10/Materials | Discovered exit to Materials (range 10) 883 | -10/Materials | Discovered exit to Materials (range 16) 1213 | -10/Materials | Discovered exit to Materials (range 16) 1374 | -10/Materials | Entered Mines 1412 | -10/Mines | Met a Derelict bent on vengeance 1508 | -10/Mines | Assisted by bots powering up and referring to "LRC-V3" 1616 | -10/Mines | Discovered exit to Materials (range 7) 1649 | -10/Mines | Discovered exit to Materials (range 14) 1862 | -10/Mines | Learned location of Storage (-9) 1978 | -10/Mines | Deemed a non-threat by the Exiles lab entrance 1978 | -10/Mines | Identified exit to Exiles 1978 | -10/Mines | Discovered exit to Exiles (range 5) 2406 | -10/Mines | Identified exit to Subcaves 2406 | -10/Mines | Discovered exit to Subcaves (range 8) 2778 | -10/Mines | Entered Subcaves 2778 | -10/Subcaves | Accompanied by 2 allies 2779 | -10/Subcaves | Approached by a straggling Scientist 2867 | -10/Subcaves | A swath of the cavern ceiling suddenly collapsed 2897 | -10/Subcaves | Visited 4L-MR0's lab 2920 | -10/Subcaves | Found Meta Core 2921 | -10/Subcaves | Attached Meta Core, gained temporary slots: Propulsion, Utility, Weapon 3029 | -10/Subcaves | Identified exit to Materials 3029 | -10/Subcaves | Discovered exit to Materials (range 15) 3298 | -10/Subcaves | Build established: Hacker-Skirmisher 3744 | -10/Subcaves | Core integrity fell below 50% 3770 | -10/Subcaves | Lost 3 parts (1n2w) 3797 | -10/Subcaves | Shifting Twisted Machinery released Spk. Treads 3806 | -10/Subcaves | Shifting Twisted Machinery released Battle Cannon 3997 | -10/Subcaves | Shifting Twisted Machinery released Sub. Optics 4015 | -10/Subcaves | Shifting Twisted Machinery released Battle Cannon 4026 | -10/Subcaves | Build established: Hacker-Mutant 4103 | -10/Subcaves | Discovered exit to Materials (range 13) 4205 | -10/Subcaves | A swath of the cavern ceiling suddenly collapsed 4355 | -10/Subcaves | Identified exit to Recycling 4355 | -10/Subcaves | Discovered exit to Recycling (range 16) 4769 | -10/Subcaves | Build established: Scavenger-Mutant 4840 | -10/Subcaves | Core integrity fell below 20% 5052 | -10/Subcaves | Disturbed a concealed Subdweller 5413 | -10/Subcaves | Found SUBCON Basin 6668 | -10/Subcaves | Entered Recycling 6669 | -9/Recycling | Joined Warlord attack on 0b10 via Recycling 6753 | -9/Recycling | Destroyed by Y-45 Defender with Beam Rifle Last Messages --------------- results: 06668_ Recycling Unit x1 06668_ Terminal x1 LOCATION=RECYCLING GOAL=ESCAPE 06669_ 8E-XH7(g): "Hey, more reinforcements! Just in time, fall in with us. Squad C will strike the factory from cave 17 first to pull them in that direction, then we hit them from behind. Then God M*bzzt*... right, can't talk about that." 06683_ Dropped Spk. Treads. 06684_ Acquired 40 matter. 06712_ Connecting with Recycling Unit... >>Trojan(Reject) Trojan loaded successfully. Testing... Ejection routine running. 06719_ R-06 Scavenger collects Spk. Treads. 06750_ Y-45 Defender springs to life. Map ----- +----------------------------------------------------+ | ?????????????????????????????????????????????????? | | ?????????????????????????????????????????????????? | | ?????????????????????????????????????????????????? | | ??????????""?????????????????????????????????????? | | ??????????"Y?????????????????????????????????????? | | ??????????""?????????????????????????????????????? | | ?????????????????????????????????????????????????? | | ?????????????????????????????????????????????????? | | ?????????????????????????????????????????????????? | | ???????????? # ????????????????????????????????? | | ??????????## # ????????????????????????????????? | | ?????????? # ##????????????????????????????????? | | ?????????? # ##????????????????????????????????? | | ?????????? # ##????????????????????????????????? | | ?????????? + ##????????????????????????????????? | | ?????????? # # ????????????????????????????????? | | ?????????? # # ????????????????????????????????? | | ?????????? + + ????????????????????????????????? | | ?????????? # # ????????????????????????????????? | | ???? # # ?????????? #?????????????????? | | ????######## # ??????????#####??????###????????? | | ???###[]]### ############[[ ######??###????????? | | ???### %=### ############ ##### ##???????? | | ???## ##???????? | | ???## r ???????? | | ???## @ ##???????? | | ???###########"Y"#########Y########???? ##???????? | | ???###########"""##################??????????????? | | ????????????#######??????####????????????????????? | | ????????????#######??????????????????????????????? | | | | | | | | | | | | | | | | | | | | | | | | | | | | | | | | | | | | | | | | | +----------------------------------------------------+ Best States ------------- Heat Dissipation 69 Energy Generation 18 Energy Capacity 250 Matter Stores 300 Matter Capacity 300 Sight Range 16 Terrain Scan Density 10 Armor Coverage 300 Resistance: KI 35 Resistance: TH 35 Resistance: EX 35 Resistance: EM 35 Resistance: I 35 Resistance: S 35 Resistance: P 35 Evasion (%) 63 Recoil Reduction 2 Offensive Hacking 20 Item Schematics ----------------- Huge Storage Unit | -10/Materials | Hacked Robot Schematics ------------------ None Fabricated ------------ Nothing Repaired ---------- Nothing Studied --------- None Alien Tech Used ----------------- None Achievements -------------- None Challenges ------------ None Game ------ Seed SuperdenseRiotProjector Manual? 0 Play Time 00:25:52 Cumulative 285.9 hours Start 2026.01.16 @ 10:01:27 End 2026.01.16 @ 10:30:41 Sessions 1 Manual Loads 0 Difficulty Explorer Special Mode None Game No. 442 Rogue 0 Adventurer 0 Explorer 442 Win Type - Total 0 Types 0/0/0/0/0/0/0/0/0/0 Lore% 75 Gallery% 69 Achievement% 55 Wizard Run 0 Options --------- Layout 1 ASCII 0 Keyboard 0 Movement Mouse Keybinds 1 Fullscreen 1 Font 24/Smallcaps Map View 50x35 Zoom Use 0% Tactical HUD 1 Map Filters NONE Filters NONE Steam 1 RUN: 67e6fc50-178e-4977-b6fc-ce87f3433dd8